 Dungeon Crawl Stone Soup version 0.20.1-1-g8b1a95d (webtiles) character file.

13 Jukra the Ogre Mage (level 2, 0/24 HPs)
             Began as an Ogre Wizard on Aug 14, 2017.
             Slain by a goblin
             ... wielding a +0 club
              (4 damage)
             ... on level 2 of the Dungeon.
             The game lasted 00:03:13 (918 turns).

Jukra the Ogre Mage (Ogre Wizard)                    Turns: 918, Time: 00:03:14

Health: 0/24       AC:  3    Str: 10    XL:     2   Next: 37%
Magic:  7/7        EV: 10    Int: 19    God:
Gold:   64         SH:  0    Dex:  7    Spells: 8/9 levels left

rFire    . . .     SeeInvis .   g - +0 mace
rCold    . . .     Gourm    .   (no shield)
rNeg     . . .     Faith    .   i - +0 robe
rPois    .         Spirit   .   b - +0 hat
rElec    .         Reflect  .   (no cloak)
rCorr    .         Harm     .   (gloves unavailable)
MR       .....                  (boots unavailable)
Stlth    +.........             (no amulet)
Regen    0.1/turn               (no ring)
MPRegen  0.1/turn               (no ring)

@: no status effects
A: unfitting armour, tough skin 1
a: no special abilities


You were on level 2 of the Dungeon.
You were not hungry.

You visited 1 branch of the dungeon, and saw 2 of its levels.

You collected 64 gold pieces.

Inventory:

Hand Weapons
 g - a +0 mace (weapon)
Armour
 a - a +0 robe
 b - a +0 hat (worn)
 i - a +0 robe (worn)
 j - a +0 ring mail
 l - a +0 pair of gloves
Scrolls
 k - a scroll of amnesia {unknown}
 n - a scroll of magic mapping {unknown}
 o - a scroll of identify {unknown}
Potions
 e - a potion of flight {unknown}
 h - a potion of curing {unknown}
 m - 2 potions of heal wounds {unknown}
 p - a potion of ambrosia {unknown}
Books
 c - a book of Minor Magic

   Spells                             Type                      Level
   a - Magic Dart                     Conjuration                  1
   b - Blink                          Translocation                2
   c - Call Imp                       Summoning                    2
   d - Slow                           Hexes                        2
   e - Conjure Flame                  Conjuration/Fire             3
   f - Mephitic Cloud                 Conjuration/Poison/Air       3
Comestibles
 d - a bread ration
 f - a meat ration


   Skills:
 + Level 0.1 Maces & Flails
 + Level 2.0 Dodging
 + Level 1.4 Stealth
 + Level 4.1 Spellcasting
 + Level 0.8 Conjurations
   Level 0.8 Summonings
   Level 0.8 Translocations


You had 8 spell levels left.
You knew the following spells:

 Your Spells              Type           Power        Failure   Level  Hunger
a - Magic Dart            Conj           #...         10%         1    None


Dungeon Overview and Level Annotations

Branches:
Dungeon (2/15)

Altars:


Innate Abilities, Weirdness & Mutations

You are too large for most types of armour.
You have tough skin. (AC +1)


Message History

You barely miss the goblin. The goblin hits you. The goblin barely misses you.
You closely miss the goblin. The goblin hits you but does no damage.
The goblin hits you with a club.
You closely miss the goblin. The goblin closely misses you. x2
The goblin hits you.
You closely miss the goblin. The goblin closely misses you.
The goblin hits you but does no damage. The goblin barely misses you.
You closely miss the goblin. The goblin barely misses you.
The goblin hits you but does no damage. The goblin hits you.
You completely miss the goblin. The goblin hits you with a club.
The goblin hits you.
You barely miss the goblin. The goblin hits you with a club.
The goblin closely misses you.
You miss the goblin. The goblin hits you with a club.
* * * LOW HITPOINT WARNING * * *
The goblin barely misses you. x2; The goblin hits you but does no damage.
You hit the goblin but do no damage. The goblin hits you.
* * * LOW HITPOINT WARNING * * *
The goblin hits you with a club.
You die...

#.#########..#######
######.# #.........
.......# #..#######
######.# #..#
.......# #..#
######.# #..# #.#
#..###### #.#
#........ #.#
#@#.##### #.#
#...gg..# #.#
#...#...# #..#.#..#
#.# _ #.# ... #. .#
... .# .# ## . .#


You could see 2 goblins.

Vanquished Creatures
  A leopard gecko (D:1)
  A bat (D:1)
  A giant cockroach (D:1)
  A goblin (D:1)
  2 hobgoblins (D:1)
  2 frilled lizards (D:1)
  3 kobolds (D:1)
11 creatures vanquished.

Notes
Turn   | Place    | Note
-------+----------+-------------------------------------------
     0 | D:1      | Jukra the Ogre Wizard began the quest for the Orb.
     0 | D:1      | Reached XP level 1. HP: 16/16 MP: 5/5
   444 | D:1      | Reached skill level 4 in Spellcasting
   444 | D:1      | Reached XP level 2. HP: 18/24 MP: 7/7
   905 | D:2      | Found a faded altar of an unknown god.
   918 | D:2      | Slain by a goblin

Skill      XL: |  1  2 |
---------------+-------+-----
Spellcasting   | 4 |  4.1
Dodging        | 2 |  2.0
Maces & Flails | |  0.1
Stealth        | |  1.4
Conjurations   | |  0.8
Summonings     | |  0.8
Translocations | |  0.8

Action                   || total
-------------------------++-------
Melee: Mace              ||    51
       Unarmed           ||    14
 Cast: Magic Dart        ||     5
Armor: Robe              ||    25
Dodge: Dodged            ||    46
